 Dungeon Sprint DCSS version 0.24.1-14-gf8d2b509d9 (webtiles) character file.

Game seed: 15560522297483850810, levelgen mode: deterministic

15104 Chiseanne the Ninja (level 11, -11/44 HPs)
             Began as a Spriggan Assassin on June 2, 2020.
             Was the Champion of Fedhas.
             Killed from afar by a fire giant (25 damage)
             ... with a bolt of fire
             ... in the Dungeon (Sprint I: "Red Sonja").
             The game lasted 00:11:45 (1428 turns).

Chiseanne the Ninja (Spriggan Assassin)             Turns: 1428, Time: 00:11:45

Health: -11/44     AC:  6    Str:  5 (7)  XL:     11   Next: 97%
Magic:  12/24      EV: 30    Int: 13      God:    Fedhas [******]
Gold:   1469       SH:  8    Dex: 19      Spells: 10/10 levels left

rFire    . . .     SeeInvis +   a - +2 dagger
rCold    . . .     Gourm    .   t - +0 buckler
rNeg     . . .     Faith    .   p - +0 troll leather armour
rPois    .         Spirit   .   (helmet restricted)
rElec    .         Reflect  .   r - +1 cloak
rCorr    .         Harm     .   (gloves unavailable)
MR       +....     Rnd*Rage +   (boots unavailable) Stlth +++++++++.NoTele +
                                (no amulet)
HPRegen  0.54/turn              (no ring)
MPRegen  0.19/turn              (no ring)

@: very quick
A: very small, unfitting armour, see invisible, berserk 1, clumsy 1,
deterioration 1, herbivore, speed 3, frail 1, slow metabolism 2
a: Wall of Briars, Grow Ballistomycete, Overgrow, Grow Oklob, Renounce Religion


You were in the Dungeon.
You worshipped Fedhas.
Fedhas was exalted by your worship.
You were not hungry.

You visited 1 branch You collected 2969 gold pieces.
You spent 1500 gold pieces at shops.

Inventory:

Hand Weapons
 a - a +2 dagger (weapon)
 s - a +5 long sword of holy wrath
 y - the +10 short sword "Itoekk" {antimagic, rC+++ Str+3 Int-2 Stlth+, unknown}
   (You found it in the Dungeon)

   It reduces the magical energy of the wielder, and disrupts the spells and
   magical abilities of those hit.
   Natural abilities and divine invocations are not affected.
   It affects your strength (+3).
   It affects your intelligence (-2).
   It renders you almost immune to cold.
   It makes you more stealthy.
Missiles
 b - 60 arrows
 d - 7 poisoned darts
 m - 7 curare-tipped darts (quivered)
 z - 21 stones
Armour
 p - a +0 troll leather armour (worn)
 r - a +1 cloak (worn)
 t - a +0 buckler (worn)
Jewellery
 c - an uncursed amulet of faith
Wands
 e - a wand of flame (9)
 o - a wand of iceblast (5)
Scrolls
 i - a scroll of identify
 l - 2 scrolls of blinking
 n - 2 scrolls of fog
 q - a scroll of magic mapping
Potions
 g - 5 potions of curing
 h - 3 potions of heal wounds
 j - 2 potions of magic
 k - a potion of berserk rage
 u - 3 potions of flight
 v - a potion of mutation
 w - a potion of cancellation
 x - a potion of brilliance
Comestibles
 f - a ration


   Skills:
 - Level 1.5 Fighting
 - Level 7.4 Short Blades
 - Level 2.0 Throwing
 * Level 14.9 Dodging
 O Level 27 Stealth
 - Level 7.3 Shields
 * Level 16.3 Invocations


You had 10 spell levels left.
You didn't know any spells.
Your spell library was empty.

Dungeon Overview and Level Annotations

Branches:
Dungeon (1/1)

Altars:
Cheibriados
Dithmenos
Elyvilon
Fedhas
Gozag
Hepliaklqana
Kikubaaqudgha
Makhleb
Nemelex Xobeh
Okawaru
Qazlal
Ru
Sif Muna
Trog
Uskayaw
Vehumet
Wu Jian
Xom
Yredelemnul
Zin
The Shining One
Jiyva
Lugonu

Shops:
D %[}:(!:[%[=*::%[((*[[


Innate Abilities, Weirdness & Mutations

You are very small and have problems with some larger weapons.
You are too small for most types of armour.
You have supernaturally acute eyesight. (SInv)
You are a herbivore.
You cover ground extremely quickly.
You need to consume almost no food.
You tend to lose your temper in combat.
You are clumsy. (Dex -2)
Your body sometimes deteriorates upon taking damage.
You are frail. (-10% HP)


Message History

Found a faintly glowing trident, 27 sling bullets and 81 gold pieces.
The helpless fire giant fails to defend itself.
You perforate the fire giant like a sieve!!!!!
You kill the fire giant!
Fedhas accepts your kill.
Your Invocations skill increases to level 16!
Found a blackened book, a runed robe, a wand of flame (19) and 54 gold pieces.
You see here a +0 great sword of flaming.
Found the Orb of Zot.
The fire giant shouts! x3
The fire giant hits you with a +1 great sword of flaming!!
Ouch! That really hurt!
Your body deteriorates!
You feel weakened. The fire giant burns you.
Your body deteriorates!
You feel weakened.
The fire giant gestures at you while chanting.
The bolt of fire hits you!!
Ouch! That really hurt!
You die...
Fedhas appreciates your contribution to the ecosystem.

#'###.###.#.°## #..#'###
.÷[['.∩##.#..# ##...#
#########.##+# ###.#
.......##.# #f#
........§§# #.#
'''######§# ####'#
......§§#§#### ###.f..#
......§#§.#([!#####...####
.....§§####!..C.@...###
.....≈≈##:)!.C..#####
...≈≈≈###[(..C.## ≈≈≈≈###
#/....## ####'####$$$$$
#####∩∩#######
∩∩∩∩∩∩###≈≈≈≈≈ #######
###### #..0..


You could see 3 fire giants and a friendly wandering mushroom.

Vanquished Creatures
  A fire giant (D)
  A hydra (D)
  2 centaur warriors (D)
  Sonja (D)
  A deep troll (D)
  4 unseen horrors (D)
  A lindwurm (D)
  A shining eye (D)
  A gargoyle (D)
  A kobold demonologist (D)
  4 demonic crawlers (D)
  A hornet (D)
  A slime creature (D)
  2 redbacks (D)
  Sigmund (D)
  A yak (D)
  3 hogs (D)
  5 floating eyes (D)
  An ogre (D)
  7 necrophages (D)
  8 jellies (D)
  Ijyb (D)
49 creatures vanquished.

Vanquished Creatures (collateral kills)
  A daeva (D)
  3 unseen horrors (D)
  7 shining eyes (D)
  A kobold demonologist (D)
  10 hogs (D)
  2 floating eyes (D)
  A ballistomycete spore (D)
25 creatures vanquished.

Vanquished Creatures (others)
  A ballistomycete spore (D)
1 creature vanquished.

Grand Total: 75 creatures vanquished

Notes
Turn   | Place    | Note
-------+----------+-------------------------------------------
     0 | D        | Chiseanne the Spriggan Assassin began the quest for the
                  | Orb.
     0 | D        | Reached XP level 1. HP: 10/10 MP: 2/2
     1 | D        | Noticed Ijyb
    13 | D        | Killed Ijyb
    13 | D        | Reached skill level 5 in Dodging
    13 | D        | Reached skill level 8 in Stealth
    13 | D        | Reached XP level 2. HP: 4/14 MP: 3/3
   248 | D        | Noticed an ogre
   251 | D        | Killed an ogre
   251 | D        | Reached skill level 5 in Short Blades
   251 | D        | Reached skill level 10 in Stealth
   251 | D        | Reached XP level 3. HP: 18/18 MP: 4/4
   251 | D        | Reached XP level 4. HP: 22/22 MP: 5/5
   253 | D        | Noticed Sigmund
   256 | D        | Killed Sigmund
   256 | D        | Reached skill level 13 in Stealth
   256 | D        | Reached XP level 5. HP: 25/25 MP: 6/6
   256 | D        | Reached XP level 6. HP: 30/30 MP: 7/7
   280 | D        | Found an ornate altar of the Wu Jian Council.
   280 | D        | Found a shimmering blue altar of Sif Muna.
   282 | D        | Found a radiant altar of Vehumet.
   315 | D        | Found Pisomatz's Book Emporium.
   315 | D        | Found an ancient bone altar of Kikubaaqudgha.
   315 | D        | Found a hazy altar of Hepliaklqana.
   315 | D        | Found a hide-covered altar of Uskayaw.
   315 | D        | Found a basalt altar of Yredelemnul.
   315 | D        | Found an opulent altar of Gozag.
   315 | D        | Found a snail-covered altar of Cheibriados.
   315 | D        | Found a sacrificial altar of Ru.
   315 | D        | Found a shadowy altar of Dithmenos.
   315 | D        | Noticed a yak
   316 | D        | Found a stormy altar of Qazlal.
   316 | D        | Found a blossoming altar of Fedhas.
   316 | D        | Found a bloodstained altar of Trog.
   316 | D        | Found an iron altar of Okawaru.
   316 | D        | Found a glowing silver altar of Zin.
   333 | D        | Killed a yak
   333 | D        | Reached skill level 14 in Stealth
   339 | D        | Found a glowing golden altar of the Shining One.
   339 | D        | Found a white marble altar of Elyvilon.
   342 | D        | Found a sparkling altar of Nemelex Xobeh.
   477 | D        | Became a worshipper of Fedhas Madash
   482 | D        | Noticed Sonja
   486 | D        | Killed Sonja
   486 | D        | Reached skill level 18 in Stealth
   486 | D        | Reached XP level 7. HP: 33/33 MP: 7/10
   486 | D        | Reached XP level 8. HP: 37/37 MP: 7/11
   501 | D        | Found Ronatiex's Food Boutique.
   509 | D        | Bought a ration for 60 gold pieces
   562 | D        | Noticed a deep troll
   566 | D        | Killed a deep troll
   566 | D        | Reached skill level 21 in Stealth
   590 | D        | Found Ryast's Armour Emporium.
   597 | D        | Bought a +1 cloak for 115 gold pieces
   628 | D        | Noticed a centaur warrior
   628 | D        | Noticed a centaur warrior
   631 | D        | Killed a centaur warrior
   631 | D        | Reached * piety under Fedhas
   631 | D        | Reached skill level 22 in Stealth
   631 | D        | Reached skill level 5 in Invocations
   631 | D        | Reached XP level 9. HP: 41/41 MP: 12/14
   635 | D        | Killed a centaur warrior
   635 | D        | Reached skill level 24 in Stealth
   658 | D        | Noticed an oklob plant
   669 | D        | Reached ** piety under Fedhas
   674 | D        | Reached skill level 25 in Stealth
   677 | D        | Noticed an unseen horror
   678 | D        | Noticed an unseen horror
   684 | D        | Killed an unseen horror
   686 | D        | Killed an unseen horror
   686 | D        | Reached *** piety under Fedhas
   686 | D        | Reached skill level 26 in Stealth
   686 | D        | Reached XP level 10. HP: 46/46 MP: 14/16
   694 | D        | Reached **** piety under Fedhas
   702 | D        | Reached skill level 27 in Stealth
   705 | D        | Reached ***** piety under Fedhas
   762 | D        | Found Ziopsied's Armour Shoppe.
   762 | D        | Found Ryl Nuol's Book Shop.
   762 | D        | Found Sotzonips's Food Boutique.
   764 | D        | Found Sinoyneh's Armour Emporium.
   764 | D        | Found Joffie's Jewellery Shop.
   764 | D        | Found Mikk's General Store.
   764 | D        | Found Noklet's Book Boutique.
   764 | D        | Found Layh's Book Emporium.
   764 | D        | Found Xoasm's Food Shop.
   764 | D        | Found Xull's Armour Shoppe.
   768 | D        | Found Wogeyps's Weapon Boutique.
   769 | D        | Found Ixyi's General Store.
   769 | D        | Found Peazxius's Antique Weapon Boutique.
   770 | D        | Bought an uncursed amulet of faith for 400 gold pieces
   770 | D        | Found Ruca's Armour Emporium.
   771 | D        | Bought a scroll of identify for 26 gold pieces
   777 | D        | Bought a scroll of fog for 26 gold pieces
   777 | D        | Bought a scroll of magic mapping for 45 gold pieces
   777 | D        | Bought a potion of flight for 39 gold pieces
   777 | D        | Bought a scroll of identify for 26 gold pieces
   777 | D        | Bought a scroll of fog for 26 gold pieces
   779 | D        | Bought a +0 buckler for 54 gold pieces
   822 | D        | Noticed a shining eye
   822 | D        | Noticed a shining eye
   822 | D        | Noticed a shining eye
   823 | D        | Noticed a shining eye
   823 | D        | Noticed a shining eye
   823 | D        | Noticed a shining eye
   828 | D        | Noticed a shining eye
   828 | D        | Noticed a shining eye
   832 | D        | Gained mutation: Your body sometimes deteriorates upon
                  | taking damage. [a shining eye]
   833 | D        | Gained mutation: You are frail. (-10% HP) [a shining eye]
   833 | D        | Gained mutation: You are clumsy. (Dex -2) [a shining eye]
   834 | D        | Gained mutation: You tend to lose your temper in combat. [a
                  | shining eye]
   837 | D        | Paralysed by a floating eye for 3 turns
   844 | D        | Killed a shining eye
   844 | D        | Reached skill level 1 in Shields
   846 | D        | Paralysed by a floating eye for 3 turns
   846 | D        | Killed a shining eye
   849 | D        | Killed a shining eye
   851 | D        | Killed a shining eye
   851 | D        | Reached skill level 10 in Invocations
   853 | D        | Killed a shining eye
   854 | D        | Paralysed by a floating eye for 3 turns
   860 | D        | Killed a shining eye
   862 | D        | Killed a shining eye
   862 | D        | Killed a shining eye
   862 | D        | Reached skill level 5 in Shields
   966 | D        | Found Fole's Antique Weapon Shop.
   966 | D        | Found Hesyudui's Antique Armour Shoppe.
   966 | D        | Found Kitodosi's Distillery.
   966 | D        | Found Egasistu's Gadget Emporium.
   970 | D        | Bought a crystal dagger for 203 gold pieces
   971 | D        | Identified the cursed +0 dagger of Odyq {venom, +Rage MP+9
                  | Str-3 SInv} (You bought it in a shop in the Dungeon)
   975 | D        | Bought a potion of degeneration for 12 gold pieces
   975 | D        | Bought a potion of mutation for 96 gold pieces
   975 | D        | Bought a potion of cancellation for 96 gold pieces
   975 | D        | Bought a potion of brilliance for 48 gold pieces
   975 | D        | Bought 2 potions of heal wounds for 120 gold pieces
   975 | D        | Bought a potion of curing for 36 gold pieces
   975 | D        | Bought a potion of flight for 36 gold pieces
   975 | D        | Bought a potion of flight for 36 gold pieces
  1013 | D        | Found a burning altar of Makhleb.
  1013 | D        | Found a viscous altar of Jiyva.
  1013 | D        | Found a shimmering altar of Xom.
  1013 | D        | Found a corrupted altar of Lugonu.
  1031 | D        | Reached ****** piety under Fedhas
  1045 | D        | Reached XP level 11. HP: 17/44 MP: 12/20
  1268 | D        | Noticed a lindwurm
  1270 | D        | Killed a lindwurm
  1325 | D        | Noticed a 12-headed hydra
  1327 | D        | Killed a 12-headed hydra
  1349 | D        | Noticed a daeva
  1359 | D        | Killed a daeva
  1360 | D        | Noticed an unseen horror
  1361 | D        | Killed an unseen horror
  1370 | D        | Got a twisted short sword
  1390 | D        | Noticed an unseen horror
  1390 | D        | Noticed an unseen horror
  1390 | D        | Noticed an unseen horror
  1392 | D        | Noticed an unseen horror
  1393 | D        | Killed an unseen horror
  1393 | D        | Reached skill level 15 in Invocations
  1395 | D        | Killed an unseen horror
  1402 | D        | Killed an unseen horror
  1405 | D        | Killed an unseen horror
  1416 | D        | Noticed a fire giant
  1419 | D        | Noticed a fire giant
  1420 | D        | Noticed a fire giant
  1421 | D        | Noticed a fire giant
  1423 | D        | Killed a fire giant
  1428 | D        | Killed from afar by a fire giant

Levels and vault maps discovered:
D:        dungeon_sprint_1 [red_sonja_temple_1, red_sonja_temple_small_1]

Skill      XL: |  1  2  3  4  5  6  7  8  9 10 11 |
---------------+----------------------------------+-----
Short Blades   | 3 5 6 7 |  7.4
Dodging        | 5 8 11 12 14 | 14.9
Stealth        | 8 10 13 18 22 26 27 | 27.0
Invocations    | 3 5 7 11 16 | 16.3
Shields        | 5 7 |  7.3
Fighting       | |  1.5
Throwing       | |  2.0

Action                   |  1- 3 |  4- 6 |  7- 9 | 10-12 || total
-------------------------+-------+-------+-------+-------++-------
Melee: Dagger            |     1 |     7 |    15 |    45 ||    68
Throw: Dart              |     6 |     8 |       |     5 ||    19
Invok: Overgrow          |       |       |       |     5 ||     5
       Grow Oklob        |       |       |       |     2 ||     2
  Use: Scroll            |       |       |     3 |     2 ||     5
       Potion            |       |       |     2 |     1 ||     3
 Stab: Sleeping          |     1 |     3 |     6 |    29 ||    39
       Invisible         |       |       |     2 |       ||     2
       Confused          |       |       |       |     1 ||     1
       Distracted        |       |       |       |     2 ||     2
  Eat: Ration            |       |       |     1 |       ||     1
Dodge: Dodged            |     2 |     4 |     5 |    11 ||    22
Block: Buckler           |       |       |       |     3 ||     3
